 Dungeon Sprint DCSS version 0.31-a0-920-g28cbb04a8c (webtiles) character file.

Game seed: 13017216114506428941

4873 sircluck the Grappler (level 10, -7/114 HPs)
             Began as a Troll Berserker on Oct 17, 2023.
             Was the Champion of Trog.
             Mangled by a seven-headed hydra (11 damage)
             ... in the Dungeon (Sprint VII: "The Pits").
             The game lasted 00:03:02 (1087 turns).

sircluck the Grappler (Troll Berserker)             Turns: 1087, Time: 00:03:02

Health: -7/114     AC:  4    Str: 34    XL:     10   Next: 26%
Magic:  9/9        EV: 13    Int:  6    God:    Trog [******]
Gold:   0          SH:  0    Dex:  9    Spells: 9/9 levels left

rFire   . .          .
                       - Unarmed
rCold   . . .        (no shield)
rNeg    . . .        a - +0 animal skin
rPois   .            (helmet restricted)
rElec   .            (no cloak)
rCorr   .            (gloves unavailable)
SInv    .            (boots unavailable)
Will    .....        (no amulet)
Stlth   +            n - +3 ring of strength
HPRegen 1.19/turn    m - +3 ring of intelligence
MPRegen 0.11/turn

%: no teleportation
@: on berserk cooldown, slowed, very slow
A: large, unfitting armour, claws 3, regeneration 1, shaggy fur 1, tough skin 1
a: Renounce Religion, Berserk, Trog's Hand, Brothers in Arms


You were in the Dungeon.
You worshipped Trog.
Trog was exalted by your worship.
You visited 1 branch

Inventory:

Missiles
 k - 9 stones
 l - 8 large rocks (quivered)
Armour
 a - a +0 animal skin (worn)
Jewellery
 m - a +3 ring of intelligence (right claw)
 n - a +3 ring of strength (left claw)
Scrolls
 g - a scroll of blinking
 i - 2 scrolls of vulnerability
 j - a scroll of butterflies
Potions
 b - 8 potions of curing
 c - 10 potions of heal wounds
 d - a potion of haste
 e - 4 potions of magic
 f - 5 potions of berserk rage
 h - 2 potions of invisibility
 o - a potion of might


   Skills:
 + Level 11.6 Fighting
 + Level 8.1 Throwing
 + Level 11.5 Dodging
 + Level 13.6 Unarmed Combat


You had 9 spell levels left.
You didn't know any spells.
Your spell library was empty.

Dungeon Overview and Level Annotations

Branches:
Dungeon (1/1)

Altars:
Ashenzari
Cheibriados
Dithmenos
Elyvilon
Fedhas
Gozag
Hepliaklqana
Kikubaaqudgha
Makhleb
Nemelex Xobeh
Okawaru
Qazlal
Ru
Sif Muna
Trog
Uskayaw
Vehumet
Wu Jian
Xom
Yredelemnul
Zin
The Shining One
Jiyva
Lugonu


Innate Abilities, Weirdness & Mutations

You are too large for most types of armour.
You have claws for hands.
Your natural rate of healing is unusually fast.
You are covered in fur. (AC +1)
You have tough skin. (AC +1)


Message History

Things that are here:
a +0 hand axe; a +0 plate armour; a demonic crawler corpse A steam dragon comes into view.
You feel a strong urge to attack something.
The steam dragon hisses angrily.
You hear a hideous shriek!
A demonic crawler comes into view.
Things that are here:
a +0 hand axe; a +0 plate armour; a demonic crawler corpse You feel your anger nearly subside.
You are no longer berserk.
You are exhausted.
You feel yourself slow down.
Things that are here:
a +0 whip; a +0 leather armour; an orc corpse
There is an open door, spattered with blood here.
Items here: )) [ †.
Your troll goes berserk!
The six-headed hydra bites you. The six-headed hydra bites you!
The six-headed hydra barely misses you. x2; The six-headed hydra bites you!
The six-headed hydra misses you.
You barely miss the six-headed hydra. The six-headed hydra bites you!
The six-headed hydra barely misses you. The six-headed hydra bites you!
* * * LOW HITPOINT WARNING * * *
The six-headed hydra bites you.
* * * LOW HITPOINT WARNING * * *
The six-headed hydra closely misses you.
The six-headed hydra bites you.
* * * LOW HITPOINT WARNING * * *
Your troll barely misses the six-headed hydra.
Your troll claws the six-headed hydra!!
Your troll claws the six-headed hydra!
Your troll tears one of the six-headed hydra's heads off!
The five-headed hydra grows two more!
The demonic crawler hits your troll!
The demonic crawler closely misses your troll.
The demonic crawler barely misses your troll.
The seven-headed hydra bites you.
* * * LOW HITPOINT WARNING * * *
The seven-headed hydra barely misses you. x2
The seven-headed hydra bites you!
* * * LOW HITPOINT WARNING * * *
The seven-headed hydra bites you!
You die...

....##..#..##..)##
....##..#..#.....#
...#.
######..'.)'.....+
'...'.
######..#.†#..)..# s..#
..[[##..#..##...##
'...# !.[[##..##..##†##
##D..##
..))##..†##.+.).+
##.....#
..))##....###...###sD.#
..))##......#..)@DT..#
######################


You could see a seven-headed hydra (ally target), a demonic crawler, a steam
dragon and a friendly troll (summoned, berserk).

Vanquished Creatures
  A nagaraja (D)
  A demonic crawler (D)
  A bog body (D)
  2 cyclopes (D)
  A black mamba (D)
  An efreet (D)
  An ice devil (D)
  2 vampire mosquitoes (D)
  A redback (D)
  Duvessa (D)
  2 orc warriors (D)
  A sky beast (D)
  A wolf (D)
  A phantom (D)
  A scorpion (D)
  3 wights (D)
  Dowan (D)
  A hound (D)
  A jelly (D)
  An iguana (D)
  4 orc wizards (D)
  A river rat (D)
  An adder (D)
  2 ufetubi (D)
  5 orcs (D)
  2 endoplasms (D)
  A giant cockroach (D)
  A goblin (D)
  A ball python (D)
  A ball python skeleton (D)
  2 frilled lizards (D)
  A jackal skeleton (D)
  2 kobolds (D)
  A rat (D)
50 creatures vanquished.

Notes
Turn   | Place    | Note
-------+----------+-------------------------------------------
     0 | D        | sircluck the Troll Berserker began the quest for the Orb.
     0 | D        | Reached XP level 1. HP: 22/22 MP: 0/0
    22 | D        | Found a bloodstained altar of Trog.
    22 | D        | Found a shimmering blue altar of Sif Muna.
    22 | D        | Found a viscous altar of Jiyva.
    22 | D        | Found a hazy altar of Hepliaklqana.
    22 | D        | Found an opulent altar of Gozag.
    23 | D        | Found a glowing golden altar of the Shining One.
    23 | D        | Found a glowing silver altar of Zin.
    23 | D        | Found a basalt altar of Yredelemnul.
    23 | D        | Found a shimmering altar of Xom.
    23 | D        | Found an ornate altar of the Wu Jian Council.
    23 | D        | Found a sacrificial altar of Ru.
    23 | D        | Found a stormy altar of Qazlal.
    23 | D        | Found an iron altar of Okawaru.
    23 | D        | Found a sparkling altar of Nemelex Xobeh.
    23 | D        | Found a burning altar of Makhleb.
    23 | D        | Found a blossoming altar of Fedhas.
    23 | D        | Found a white marble altar of Elyvilon.
    23 | D        | Found a shadowy altar of Dithmenos.
    23 | D        | Found a snail-covered altar of Cheibriados.
    25 | D        | Found a radiant altar of Vehumet.
    25 | D        | Found a corrupted altar of Lugonu.
    26 | D        | Found a hide-covered altar of Uskayaw.
    26 | D        | Found an ancient bone altar of Kikubaaqudgha.
    26 | D        | Found a broken altar of Ashenzari.
    64 | D        | Reached ** piety under Trog
   112 | D        | Reached *** piety under Trog
   113 | D        | Reached skill level 1 in Throwing
   113 | D        | Reached XP level 2. HP: 12/31 MP: 1/1
   118 | D        | Reached skill level 4 in Unarmed Combat
   181 | D        | Noticed a scorpion
   199 | D        | Killed a scorpion
   200 | D        | Reached skill level 5 in Unarmed Combat
   200 | D        | Reached XP level 3. HP: 37/39 MP: 2/2
   200 | D        | Reached XP level 4. HP: 45/48 MP: 3/3
   215 | D        | Noticed a sky beast
   241 | D        | Reached **** piety under Trog
   241 | D        | Noticed an orc warrior
   257 | D        | Killed an orc warrior
   258 | D        | Reached skill level 5 in Fighting
   258 | D        | Reached skill level 5 in Dodging
   258 | D        | Reached skill level 6 in Unarmed Combat
   258 | D        | Reached XP level 5. HP: 40/58 MP: 4/4
   264 | D        | Reached skill level 7 in Unarmed Combat
   267 | D        | Reached ***** piety under Trog
   287 | D        | Received a gift from Trog
   294 | D        | Killed a sky beast
   295 | D        | Reached skill level 8 in Unarmed Combat
   295 | D        | Reached XP level 6. HP: 51/68 MP: 5/5
   437 | D        | Noticed a black mamba
   443 | D        | Killed a black mamba
   444 | D        | Reached skill level 9 in Unarmed Combat
   444 | D        | Reached XP level 7. HP: 11/80 MP: 6/6
   533 | D        | Noticed a cyclops
   533 | D        | Noticed an efreet
   539 | D        | Killed an efreet
   539 | D        | Received a gift from Trog
   540 | D        | Reached skill level 10 in Unarmed Combat
   540 | D        | Reached XP level 8. HP: 84/91 MP: 7/7
   542 | D        | Killed a cyclops
   543 | D        | Reached skill level 11 in Unarmed Combat
   697 | D        | Noticed a cyclops
   704 | D        | Killed a cyclops
   705 | D        | Reached skill level 10 in Fighting
   756 | D        | Reached ****** piety under Trog
   758 | D        | Noticed an ice devil
   763 | D        | Killed an ice devil
   764 | D        | Reached skill level 5 in Throwing
   764 | D        | Reached skill level 10 in Dodging
   764 | D        | Reached XP level 9. HP: 48/101 MP: 8/8
   820 | D        | Reached skill level 12 in Unarmed Combat
   821 | D        | Received a gift from Trog
   930 | D        | Noticed Duvessa
   930 | D        | Noticed Dowan
   930 | D        | Noticed a bog body
   937 | D        | Killed a bog body
   941 | D        | Killed Duvessa
   947 | D        | Killed Dowan
  1009 | D        | Noticed a nagaraja
  1030 | D        | Killed a nagaraja
  1030 | D        | Received a gift from Trog
  1031 | D        | Reached skill level 13 in Unarmed Combat
  1031 | D        | Reached XP level 10. HP: 92/114 MP: 9/9
  1057 | D        | Noticed an orc knight
  1071 | D        | Noticed a demonic crawler
  1080 | D        | Killed a demonic crawler
  1080 | D        | Noticed a six-headed hydra
  1082 | D        | Noticed a demonic crawler
  1087 | D        | HP: 4/114 [seven-headed hydra (8)]
  1087 | D        | Mangled by a seven-headed hydra

Illustrated notes

Levels and vault maps discovered:
D:        pitsprint [storerooms_1, entrance_room_1, metal_vault_6, armoury_3,
          mini_pit_1, grid_room_1, main_hall_1, silver_pit, the_coven_2,
          the_vestibule_1, steel_vault_1, golden_pit, hallway_of_sentries,
          crystal_vault_2, iron_vault_4, final_vault]

Skill      XL: |  1  2  3  4  5  6  7  8  9 10 |
---------------+-------------------------------+-----
Fighting       | 3 4 5 6 8 10 11 | 11.6
Throwing       | 1 3 5 7 8 |  8.1
Dodging        | 3 4 5 6 8 10 11 | 11.5
Unarmed Combat | 5 6 8 9 10 11 13 | 13.6

Action                     |  1- 3 |  4- 6 |  7- 9 | 10-12 || total
---------------------------+-------+-------+-------+-------++-------
  Melee: Unarmed           |    36 |    39 |    74 |    11 ||   160
         Punch             |     1 |     2 |    11 |     1 ||    15
  Throw: Stone             |     1 |       |       |       ||     1
 Invoke: Berserk           |       |     1 |     3 |     1 ||     5
         Brothers in Arms  |       |       |       |     1 ||     1
    Use: Potion            |       |     1 |       |       ||     1
 Armour: Animal skin       |    30 |    32 |    58 |    14 ||   134
  Dodge: Dodged            |    20 |     8 |    36 |    18 ||    82

Table legend: (Time is in decaauts)
 A = Elapsed time spent in this place.
 B = Non-inter-level travel time spent in this place.
 C = Inter-level travel time spent in this place.
 D = Time resting spent in this place.
 E = Time spent auto-exploring this place.
 F = Levels seen in this place.
 G = Mean time per level.
                   A        B        C        D        E       F      G
               +--------+--------+--------+--------+--------+-----+--------+
         Total |   1092 |   1085 |      7 |    537 |    198 |   1 | 1092.0 |
       Dungeon |   1092 |   1085 |      7 |    537 |    198 |   1 | 1092.0 |
               +--------+--------+--------+--------+--------+-----+--------+

Top non-repeatable levels by time:
       D: 1092 daAuts
